 Dungeon Crawl Stone Soup version 0.28.0-1-gb440e238dd (webtiles) character file.

Game seed: 3114875188321911006

3346 Morbidden the Covered (level 9, -1/66 HPs)
             Began as a Demonspawn Fighter on Feb 21, 2022.
             Was an Initiate of Cheibriados.
             Slain by a wyvern zombie (5 damage)
             ... on level 8 of the Dungeon.
             The game lasted 00:12:19 (9920 turns).

Morbidden the Covered (Demonspawn Fighter)          Turns: 9920, Time: 00:12:19

Health: -1/66      AC: 18    Str: 21    XL:     9   Next: 72%
Magic:  24/24      EV:  9    Int: 15    God:    Cheibriados [......]
Gold:   347        SH:  0    Dex: 15    Spells: 14/16 levels left

rFire   + . .      SeeInvis .   c - +1 dagger (venom)
rCold   + . .      Faith    .   (no shield)
rNeg    + + .      Spirit   .   w - +0 chain mail
rPois   +          Reflect  .   (no helmet)
rElec   +          Harm     .   y - +0 cloak "Xusim" {rN+ MP+9 Int+5}
rCorr   +          Rampage  .   (no gloves)
Will    .....                   (no boots)
Stlth   ..........              (no amulet)
HPRegen 0.21/turn               k - +4 ring of protection
MPRegen 0.19/turn               n - ring of positive energy

@: resistant, attractive, invisible, very slow
A: thin metallic scales 2, ignite blood 1, powered by pain 1, demonic touch 1
a: Renounce Religion


You were on level 8 of the Dungeon.
You worshipped Cheibriados.
Cheibriados was noncommittal.
You visited 2 branches of the dungeon, and saw 9 of its levels.

You collected 347 gold pieces.

Inventory:

Hand Weapons
 a - a +0 long sword
 c - a +1 dagger of venom (weapon)
 v - a +0 scimitar
Missiles
 e - 6 curare-tipped darts
 l - 20 poisoned darts (quivered)
 x - 3 javelins
Armour
 w - a +0 chain mail (worn)
 y - the +0 cloak "Xusim" (worn) {rN+ MP+9 Int+5}
   (You found it on level 7 of the Dungeon)

   Int:       It affects your intelligence (+5).
   rN:        It protects you from negative energy.
   MP:        It affects your magic capacity (+9).
Jewellery
 k - a +4 ring of protection (left hand)
 n - a ring of positive energy (right hand)
 s - a ring of fire
Wands
 C - a wand of flame (26)
Scrolls
 f - a scroll of noise
 g - 2 scrolls of identify
 h - a scroll of magic mapping
 i - a scroll of amnesia {unknown}
 j - a scroll of enchant weapon {unknown}
 m - a scroll of torment {unknown}
 o - 4 scrolls of vulnerability
 p - 2 scrolls of teleportation {unknown}
 q - a scroll of enchant armour
 t - 2 scrolls of immolation
 u - a scroll of holy word {unknown}
Potions
 d - a potion of might
 r - a potion of invisibility
 z - a potion of mutation {unknown}
 A - a potion of curing {unknown}
 B - a potion of attraction
 D - a potion of lignification {unknown}


   Skills:
 + Level 4.4 Fighting
 + Level 4.1(5.2) Short Blades
 * Level 4.8(5.5) Long Blades
 + Level 2.4 Throwing
 + Level 5.6 Armour
 * Level 3.5 Dodging
 + Level 1.9 Stealth
 - Level 3.0 Shields
 * Level 4.0 Spellcasting
 * Level 4.2 Conjurations
 * Level 4.7 Necromancy
 * Level 2.9 Invocations


You had 14 spell levels left.
You knew the following spells:

 Your Spells              Type           Power      Damage    Failure   Level
a - Magic Dart            Conj           60%        1d6       26%         1
b - Pain                  Necr           68%        1d7       22%         1

Your spell library contained the following spells:

 Spells                   Type           Power      Damage    Failure   Level
 Animate Skeleton         Necr           34%        N/A       22%         1
 Searing Ray              Conj           30%        2d5       38%         2
 Vampiric Draining        Necr           17%        2d7       54%         3
 Dazzling Flash           Conj/Hex       18%        N/A       88%         3
 Frozen Ramparts          Ice            6%         1d2       99%         3
 Tukima's Dance           Hex            3%         N/A       99%         3
 Anguish                  Hex/Necr       5%         N/A       99%         4
 Fulminant Prism          Conj/Hex       4%         3d6       99%         4
 Iskenderun's Mystic Bla  Conj/Tloc      9%         2d4       99%         4
 Ice Form                 Ice/Tmut       3%         N/A       100%        4
 Summon Ice Beast         Ice/Summ       3%         N/A       100%        4
 Starburst                Conj/Fire      4%         6d4       100%        6
 Enfeeble                 Hex            1%         N/A       100%        7


Dungeon Overview and Level Annotations

Branches:
Dungeon (8/15)             Temple (1/1) D:4
   Lair: D:8-11

Altars:
Ashenzari
Cheibriados
Dithmenos
Fedhas
Gozag
Hepliaklqana
Kikubaaqudgha
Makhleb
Nemelex Xobeh
Okawaru
Qazlal
Ru
Sif Muna
Trog
Uskayaw
Wu Jian
Xom
Yredelemnul


Innate Abilities, Weirdness & Mutations

You are mostly covered in thin metallic scales. (AC +3)
Your demonic aura sometimes causes spilled blood to erupt in flames.
You sometimes gain a little power by taking damage.
Your touch may inflict minor irresistible damage on your foes.


Message History

It was a potion of invisibility.
You fade into invisibility!
The wyvern zombie barely misses you. The wight hits you but does no damage.
Unknown command.
Unknown command.
The wyvern zombie is engulfed in blazing flames.
The wyvern zombie closely misses you.
You hit the wyvern zombie.
The wyvern zombie is heavily damaged.
The wyvern zombie barely misses you.
Unknown command.
You barely miss the wyvern zombie.
The wyvern zombie is heavily damaged.
The wyvern zombie barely misses you.
Unknown command.
You hit the wyvern zombie.
The wyvern zombie is heavily damaged.
The wyvern zombie bites you!
* * * LOW HITPOINT WARNING * * *
Unknown command.
You hit the wyvern zombie but do no damage.
Your touch misses the wyvern zombie.
The wyvern zombie is heavily damaged.
The wyvern zombie bites you!
* * * LOW HITPOINT WARNING * * *
Unknown command.
Unknown command.
Okay, then.
Okay, then.
It was a potion of attraction.
You feel attractive to monsters. The wight barely misses you.
The wyvern zombie bites you but does no damage.
Unknown command.
Unknown command.
Unknown command.
It was a potion of resistance.
You feel protected. The wyvern zombie bites you.
You die...

..... ...$.....###.
...... ..............
......#####....# .......
..........#....# .......
...............##.......
...............#........
....#..........#z#
...............#Z# .
.............#.#@##....
#.....##.......(.....:#
......#...##|...........
..........####.#......##
...............####/#.#
..)))..........# ....#
..).###........# #...
....# #........# ..
....# ..........


You could see a wight and a wyvern zombie.

Vanquished Creatures
  Pikel (D:7)
  Maggie (D:7)
  2 wyverns
  Duvessa (D:5)
  An orc warrior (D:6)
  2 ice beasts
  3 ogres
  A phantom (D:5)
  A centaur (D:6)
  3 lemures (D:7)
  3 kobold brigands
  2 bullfrogs (D:6)
  2 scorpions
  A water moccasin zombie (D:6)
  Dowan (D:5)
  7 wights
  A bullfrog zombie (D:7)
  A centaur zombie (D:6)
  A bullfrog skeleton (D:6)
  6 hounds
  3 jellies (D:6)
  3 iguanas
  An orc wizard (D:6)
  A gnoll (D:5)
  7 adders
  3 white imps
  An ufetubus (D:5)
  4 dart slugs
  6 orcs
  7 ball pythons
  13 endoplasms
  A giant cockroach (D:2)
  3 goblins
  10 hobgoblins
  17 jackals
  A quokka (D:1)
  6 bats
  25 kobolds
  12 rats
165 creatures vanquished.

Notes
Turn   | Place    | Note
-------+----------+-------------------------------------------
     0 | D:1      | Morbidden the Demonspawn Fighter began the quest for the
                  | Orb.
     0 | D:1      | Reached XP level 1. HP: 18/18 MP: 1/1
   284 | D:1      | Gained mutation: You are partially covered in thin metallic
                  | scales. (AC +2) [demonic ancestry]
   284 | D:1      | Reached XP level 2. HP: 24/24 MP: 2/2
   799 | D:1      | Learned a level 1 spell: Pain
   877 | D:1      | Reached XP level 3. HP: 27/29 MP: 3/3
  1760 | D:2      | Reached skill level 3 in Armour
  1926 | D:2      | Learned a level 1 spell: Magic Dart
  2672 | D:3      | Gained mutation: Your touch may inflict minor irresistible
                  | damage on your foes. [demonic ancestry]
  2672 | D:3      | Reached XP level 4. HP: 29/35 MP: 4/4
  2972 | D:3      | Reached skill level 1 in Conjurations
  3208 | D:3      | Reached skill level 1 in Necromancy
  3347 | D:3      | Found a faded altar of an unknown god.
  3358 | D:3      | Found a stormy altar of Qazlal.
  3360 | D:3      | Found a hide-covered altar of Uskayaw.
  3364 | D:3      | Found a shimmering altar of Xom.
  3451 | D:4      | Found a staircase to the Ecumenical Temple.
  3466 | Temple   | Entered the Ecumenical Temple
  3976 | D:4      | Gained mutation: You are mostly covered in thin metallic
                  | scales. (AC +3) [demonic ancestry]
  3976 | D:4      | Reached XP level 5. HP: 41/41 MP: 5/5
  4190 | D:5      | Entered Level 5 of the Dungeon
  4190 | D:5      | Noticed an ogre
  4353 | D:5      | Noticed a wyvern
  4360 | D:5      | Noticed Duvessa
  4379 | D:5      | Killed a wyvern
  4380 | D:5      | Reached skill level 1 in Dodging
  4380 | D:5      | Reached skill level 1 in Spellcasting
  4380 | D:5      | Reached XP level 6. HP: 9/48 MP: 7/7
  4731 | D:5      | Reached skill level 1 in Short Blades
  5022 | D:5      | Noticed Dowan
  5032 | D:5      | Killed Dowan
  5033 | D:5      | Gained mutation: Your demonic aura sometimes causes spilled
                  | blood to erupt in flames. [demonic ancestry]
  5033 | D:5      | Reached XP level 7. HP: 53/53 MP: 9/9
  5284 | D:5      | Killed Duvessa
  5285 | D:5      | Reached skill level 1 in Throwing
  5558 | D:5      | Reached skill level 1 in Stealth
  5755 | D:5      | Reached skill level 4 in Armour
  6014 | D:5      | Gained mutation: You sometimes gain a little power by
                  | taking damage. [demonic ancestry]
  6014 | D:5      | Reached XP level 8. HP: 52/60 MP: 11/11
  8523 | D:6      | Reached skill level 5 in Armour
  8523 | D:6      | Reached XP level 9. HP: 58/65 MP: 14/14
  8843 | D:6      | Found a broken altar of Ashenzari.
  8843 | D:6      | Found an ornate altar of the Wu Jian Council.
  8848 | D:6      | Found a blossoming altar of Fedhas.
  8851 | D:6      | Found a sacrificial altar of Ru.
  8853 | D:6      | Found a burning altar of Makhleb.
  8858 | D:6      | Found a snail-covered altar of Cheibriados.
  8903 | D:6      | Became a worshipper of Cheibriados the Contemplative
  9283 | D:7      | Identified the +0 cloak "Xusim" {rN+ MP+9 Int+5}
  9420 | D:7      | Noticed Pikel
  9433 | D:7      | Killed Pikel
  9434 | D:7      | Reached skill level 1 in Invocations
  9569 | D:7      | Noticed Maggie
  9582 | D:7      | Killed Maggie
  9920 | D:8      | Slain by a wyvern zombie

Illustrated notes

Levels and vault maps discovered:
D:1:      heliophobic_arrival_glass_houses, layout_rooms
D:2:      layout_loops_corners
D:3:      layout_basic, minitemple, basic_ecumenical_altar
D:4:      layout_basic, minmay_temple_entry_wispy,
          chequers_hall_statues_corner_a
D:5:      cheibrodos_thug_alley, layout_basic, sigmund_army, uniq_duvessa
D:6:      layout_loops_ring, nicolae_overflow_hallway_of_the_gods,
          chequers_serial_rivers_micro_b, minmay_starry_boxes
D:7:      layout_gridville, uniq_pikel, uniq_maggie
D:8:      lemuel_insect_pit, layout_basic
Temple:   dpeg_three_leaves_temple

Skill      XL: |  1  2  3  4  5  6  7  8  9 |
---------------+----------------------------+-----
Shields        | 3 |  3.0
Long Blades    | 2 3 4 |  4.8
Armour         | 3 4 5 |  5.6
Conjurations   | 1 2 3 4 |  4.2
Necromancy     | 1 2 3 4 |  4.7
Dodging        | 1 2 3 |  3.5
Spellcasting   | 1 2 3 4 |  4.0
Short Blades   | 1 3 4 |  4.1
Throwing       | 1 2 |  2.4
Stealth        | 1 |  1.9
Fighting       | 4 |  4.4
Invocations    | 2 |  2.9

Action                   |  1- 3 |  4- 6 |  7- 9 || total
-------------------------+-------+-------+-------++-------
Melee: Long sword        |   169 |       |       ||   169
       Dagger            |       |   120 |   445 ||   565
       Touch             |       |    25 |    99 ||   124
       Punch             |       |     1 |     5 ||     6
Throw: Dart              |       |    16 |    36 ||    52
       Javelin           |       |       |     3 ||     3
 Cast: Magic Dart        |       |       |     1 ||     1
       Pain              |       |       |     1 ||     1
  Use: Scroll            |     1 |       |     4 ||     5
       Potion            |       |       |     4 ||     4
Armor: Scale mail        |    81 |    68 |   123 ||   272
       Chain mail        |       |       |   110 ||   110
Dodge: Dodged            |   104 |    60 |   196 ||   360
Block: Buckler           |    45 |       |       ||    45
